 Dungeon Crawl Stone Soup version 0.22-a0-812-g4c1e2d5471 (webtiles) character file.

83 PikkenKukken the Sneak (level 4, -1/22 HPs)
             Began as a Spriggan Enchanter on July 23, 2018.
             Slain by a centaur (5 damage)
             ... on level 3 of the Dungeon.
             The game lasted 00:06:55 (2226 turns).

PikkenKukken the Sneak (Spriggan Enchanter)         Turns: 2226, Time: 00:06:56

Health: -1/22      AC:  2    Str:  4    XL:     4   Next: 22%
Magic:  8/10       EV: 19    Int: 17    God:
Gold:   89         SH:  0    Dex: 16    Spells: 0/9 levels left

rFire    . . .     SeeInvis +   a - +2 dagger
rCold    . . .     Gourm    .   (shield restricted)
rNeg     . . .     Faith    .   b - +0 robe
rPois    .         Spirit   .   (helmet restricted)
rElec    .         Reflect  .   (no cloak)
rCorr    .         Harm     .   (gloves unavailable)
MR       .....                  (boots unavailable)
Stlth    +++.......             (no amulet)
HPRegen  0.07/turn              f - ring of see invisible
MPRegen  0.12/turn              (no ring)

@: very quick
A: very small, unfitting armour, see invisible, herbivore, speed 3, slow
metabolism 2
a: no special abilities


You were on level 3 of the Dungeon.
You were not hungry.

You visited 1 branch of the dungeon, and saw 3 of its levels.

You collected 89 gold pieces.

Inventory:

Hand Weapons
 a - a +2 dagger (weapon)
 j - a +0 short sword
Missiles
 c - 4 needles of paralysis
Armour
 b - a +0 robe (worn)
Jewellery
 f - a ring of see invisible (left hand)
Scrolls
 k - a scroll of teleportation
Potions
 e - 3 potions of agility
 g - a potion of ambrosia
 h - a potion of mutation
 i - a potion of magic
 l - a potion of degeneration {unknown}
Comestibles
 d - 2 rations


   Skills:
 + Level 1.1 Fighting
 + Level 2.0 Short Blades
 + Level 3.7 Dodging
 + Level 5.0 Stealth
 + Level 3.4 Spellcasting
 + Level 4.1 Hexes


You couldn't memorise any spells.
You knew the following spells:

 Your Spells              Type           Power        Failure   Level  Hunger
a - Corona                Hex            ###....      3%          1    None
b - Ensorcelled Hibernat  Hex/Ice        #.....       11%         2    ##.....
c - Confuse               Hex            ###.....     10%         3    ###....
d - Tukima's Dance        Hex            ###.....     10%         3    ###....

Your spell library contained the following spells:

 Spells                   Type           Power        Failure   Level  Hunger
 Dazzling Spray           Conj/Hex       #.....       22%         3    ###....


Dungeon Overview and Level Annotations

Branches:
Dungeon (3/15)

Altars:


Innate Abilities, Weirdness & Mutations

You are very small and have problems with some larger weapons.
You are too small for most types of armour.
You have supernaturally acute eyesight. (SInv)
You are a herbivore.
You cover ground extremely quickly.
You need to consume almost no food.


Message History

Found a stone staircase leading up.
The helpless centaur fails to defend itself.
You impale the centaur!!
The centaur is almost dead.
The centaur hits you.
You hit the centaur but do no damage.
The centaur is almost dead.
The centaur hits you! The centaur misses you.
Casting: Ensorcelled Hibernation (safe; 11% risk of failure)
Confirm with . or Enter, or press ? or * to list all spells.
Aiming: Ensorcelled Hibernation (safe; 11% risk of failure)
Press: ? - help, Shift-Dir - straight line, f - centaur
Aim: a centaur (almost dead, chance to defeat MR: 40%)
The centaur resists with some effort.
The centaur hits you!
* * * LOW HITPOINT WARNING * * *
You are too injured to fight recklessly!
You barely miss the centaur.
The centaur is almost dead.
The centaur hits you.
You die...

#.# .# #.# .#
#.# .# #.# .#
######.# .#
.....#.## .#
#....##c######
#.#...@.......
#..#.###.#####
#.#.## # #.###
#.# ##.#
######..######.
#..............
#.####.########


You could see a centaur.

Vanquished Creatures
  3 gnolls (D:2)
  An adder (D:2)
  2 worms (D:2)
  2 dart slugs (D:1)
  A leopard gecko (D:1)
  A giant cockroach (D:2)
  5 hobgoblins
  6 bats
  4 frilled lizards
  4 goblins
  3 kobolds
  5 rats
37 creatures vanquished.

Notes
Turn   | Place    | Note
-------+----------+-------------------------------------------
     0 | D:1      | PikkenKukken the Spriggan Enchanter began the quest for the Orb.
     0 | D:1      | Reached XP level 1. HP: 9/9 MP: 5/5
   368 | D:1      | Reached XP level 2. HP: 13/13 MP: 4/6
   372 | D:1      | Learned a level 2 spell: Ensorcelled Hibernation
  1306 | D:2      | Reached XP level 3. HP: 17/17 MP: 3/8
  1410 | D:2      | Reached skill level 1 in Fighting
  1513 | D:2      | Reached skill level 5 in Stealth
  1518 | D:2      | Learned a level 3 spell: Confuse
  1696 | D:2      | Reached XP level 4. HP: 20/22 MP: 7/10
  1825 | D:1      | Learned a level 3 spell: Tukima's Dance
  2218 | D:3      | Noticed a centaur
  2226 | D:3      | Slain by a centaur

Vault maps used:
D:1:      minmay_arrival_nine_rooms
D:2:      nicolae_overflow_hidden_temple
D:3:      grunt_temple_overflow_opulence

Skill      XL: |  1  2  3 |
---------------+----------+-----
Spellcasting   | 3 |  3.4
Hexes          | 4 |  4.1
Fighting       | 1 |  1.1
Short Blades   | 2 |  2.0
Stealth        | 5 |  5.0
Dodging        | |  3.7

Action                   |  1- 3 |  4- 6 || total
-------------------------+-------+-------++-------
Melee: Dagger            |    63 |     8 ||    71
 Cast: Corona            |     9 |       ||     9
       Ensorcelled Hiber |    20 |     3 ||    23
  Use: Scroll            |     6 |     2 ||     8
 Stab: Sleeping          |    19 |     6 ||    25
Armor: Robe              |     5 |       ||     5
Dodge: Dodged            |    42 |     2 ||    44

Table legend:
 A = Spawn XP
 B = Non-spawn XP
 C = Spawn XP percentage of total XP
 D = Spawn monster count
 E = Non-spawn monster count
 F = Spawn count percentage of total count
 G = Total turns spent on level
                    A         B        C        D         E        F      G
               +---------+---------+-------+---------+---------+-------+---------
         Total |       0 |     119 |   0.0 |       0 |      37 |   0.0 |  2226
               +---------+---------+-------+---------+---------+-------+---------
           D:1 |       0 |      31 |   0.0 |       0 |      17 |   0.0 |  1289
           D:2 |       0 |      88 |   0.0 |       0 |      20 |   0.0 |   911
               +---------+---------+-------+---------+---------+-------+---------
